 Dungeon Crawl Stone Soup version 0.31-a0-360-gb3e1d13bf4 (webtiles) character file.

Game seed: 3162263463323680267

24938 bobarctor the Thaumaturge (level 12, -6/83 HPs)
             Began as a Demonspawn Necromancer on July 26, 2023.
             Was an Elder of Sif Muna.
             Mangled by a reaper
             ... wielding a +1 scythe of freezing
              (43 damage)
             ... in an ice cave.
             The game lasted 01:45:10 (15017 turns).

bobarctor the Thaumaturge (Demonspawn Necromancer) Turns: 15017, Time: 01:45:11

Health: -6/83      AC:  7    Str:  9    XL:     12   Next: 85%
Magic:  20/28      EV: 15    Int: 26    God:    Sif Muna [****..]
Gold:   253        SH:  5    Dex: 19    Spells: 1/35 levels left

rFire   . . .        J - +7 long sword (venom)
rCold   . . .        (no shield)
rNeg    + . .        x - +0 toga "Victory" {*Victory Clar}
rPois   .            I - +2 helmet {Int+3}
rElec   .            (cloak unavailable)
rCorr   .            (gloves unavailable)
SInv    .            D - +1 pair of boots of Afauq {rN+ Regen+ Str-5}
Will    .....        z - amulet of reflection
Stlth   +++          d - +6 ring of strength
HPRegen 1.13/turn    n - +6 ring of dexterity
MPRegen 0.21/turn

%: reflection, clarity
@: no status effects
A: hooves 2, powered by death 1, weakness stinger 3, demonic touch 3, mutation
resistance 1, sturdy frame 1
a: Renounce Religion, Channel Magic, Forget Spell, Divine Exegesis


You were in an ice cave.
You worshipped Sif Muna.
Sif Muna was greatly pleased with you.
You visited 3 branches of the dungeon, and saw 13 of its levels.
You also visited: Ice Cave.

You collected 883 gold pieces.
You spent 630 gold pieces at shops.

Inventory:

Hand Weapons
 u - a +2 short sword of freezing
 J - a +7 long sword of venom (weapon)
Missiles
 c - 42 poisoned darts
 h - 97 stones
 p - 4 atropa-tipped darts
 s - 5 javelins
 G - 8 boomerangs
Armour
 x - the +0 toga "Victory" (worn) {*Victory Clar}
   (You found it on level 4 of the Dungeon)

   *Victory:  When the wearer kills a threatening monster, it has a chance to
   gain +1 AC, +1 Slay, and +1 Int, capping at +7.
   When the wearer uses a scroll or a potion with a hostile monster in sight,
   its bonuses reset to +0.
   Unequipping it also resets its bonuses to +0.
   Clar:      It protects you from confusion, rage, mesmerisation and fear.
 D - the +1 pair of boots of Afauq (worn) {rN+ Regen+ Str-5}
   (You found it on level 5 of the Dungeon)

   Str:       It affects your strength (-5).
   rN:        It protects you from negative energy.
   Regen:     It increases your rate of health regeneration.
 I - a +2 helmet of intelligence (worn)
Jewellery
 d - a +6 ring of strength (left hand)
 i - a ring of see invisible
 n - a +6 ring of dexterity (right hand)
 o - a ring of positive energy
 v - a ring of poison resistance
 y - a +5 ring of evasion
 z - an amulet of reflection (around neck)
Wands
 g - a wand of light (5)
 H - a wand of iceblast (6)
 K - a wand of polymorph (22)
 O - a wand of paralysis (2)
Scrolls
 a - 3 scrolls of teleportation
 e - a scroll of revelation
 f - 4 scrolls of enchant armour
 j - 4 scrolls of identify
 k - 3 scrolls of noise
 q - a scroll of poison
 w - 4 scrolls of amnesia
 C - a scroll of enchant weapon
 P - a scroll of fear
Potions
 b - 2 potions of magic
 l - 2 potions of ambrosia
 r - 3 potions of enlightenment
 t - a potion of might
 N - 2 potions of curing


   Skills:
 + Level 3.9 Fighting
 + Level 6.8 Long Blades
 + Level 5.3 Dodging
 + Level 3.4 Stealth
 * Level 12.3 Spellcasting
 * Level 1.1 Conjurations
 + Level 6.3 Hexes
 + Level 10.9 Necromancy
 * Level 4.2 Ice Magic
 + Level 4.1 Air Magic
 + Level 5.0 Poison Magic
 + Level 1.3 Invocations


You had one spell level left.
You knew the following spells:

 Your Spells              Type           Power      Damage    Failure   Level
a - Necrotise             Necr           100%       1d9       1%          1
b - Vampiric Draining     Necr           64%        2d10      1%          3
c - Agony                 Necr           64%        N/A       1%          5
d - Ignite Poison         Fire/Tmut/Pois 24%        N/A       5%          3
e - Ensorcelled Hibernat  Hex/Ice        86%        N/A       1%          2
f - Anguish               Hex/Necr       28%        N/A       1%          4
g - Cause Fear            Hex            24%        N/A       2%          4
h - Swiftness             Air            37%        N/A       1%          3
i - Airstrike             Air            18%        2d(3-19)  7%          4
j - Freezing Cloud        Conj/Ice/Air   16%        6-21      28%         5

Your spell library contained the following spells:

 Spells                   Type           Power      Damage    Failure   Level
 Shock                    Conj/Air       100%       1d9       1%          1
 Cigotuvi's Dreadful Rot  Necr/Pois/Air  100%       N/A       1%          2
 Animate Dead             Necr           64%        N/A       1%          4
 Vhi's Electric Charge    Tloc/Air       52%        N/A       4%          3
 Arcjolt                  Conj/Air       14%        1d24      34%         5
 Enfeeble                 Hex            24%        N/A       93%         7
 Maxwell's Capacitive Co  Air            18%        ∞         100%        8
 Chain Lightning          Conj/Air       14%        3d19      100%        9
 Fire Storm               Conj/Fire      9%         8d2       100%        9
 Shatter                  Erth           7%         3d10*     100%        9


Dungeon Overview and Level Annotations

Branches:
Dungeon (9/15)             Temple (1/1) D:7            Lair (3/5) D:8
  Swamp (0/4) Lair:2       Spider (0/4) Lair:3        IceCv (1/1)
    Orc: D:9-12

Altars:
Ashenzari
Cheibriados
Dithmenos
Fedhas
Gozag
Hepliaklqana
Kikubaaqudgha
Makhleb
Nemelex Xobeh
Okawaru
Qazlal
Ru
Sif Muna
Trog
Uskayaw
Vehumet
Wu Jian
Xom
Yredelemnul

Shops:
D:2 :   D:4 (   D:5 [   D:9 ([[[


Innate Abilities, Weirdness & Mutations

You have hoof-like feet.
You regenerate a little health from kills.
You have a sharp stinger which inflicts weakening toxins.
Your touch may irresistibly damage your foes and sap their willpower.
You are somewhat resistant to further mutation.
Your movements are slightly less encumbered by armour. (ER -2)


Message History

The air twists around and strikes the reaper but does no damage.
You slash the troll simulacrum!
The troll simulacrum vaporises!
Sif Muna accepts your kill.
The reaper hits you from afar with a +1 scythe of freezing!
The reaper freezes you.
A two-headed ogre simulacrum comes into view.
The reaper hits you with a +1 scythe of freezing!!
The reaper freezes you! The reaper attacks as you move away!
The reaper hits you with a +1 scythe of freezing!
The reaper freezes you.
* * * LOW HITPOINT WARNING * * *
Casting: Airstrike (dangerous; 6% risk of failure)
Confirm with . or Enter, or press ? or * to list all spells.
Okay, then.
Really quaff with monsters nearby while wearing the +1 toga "Victory"?
You feel much better.
The +0 toga "Victory" stops glowing.
The reaper hits you with a +1 scythe of freezing!
The reaper freezes you.
Press: ? - help, v - describe, . - travel
Here: a reaper, wielding a +1 scythe of freezing, wearing a +2 robe of cold resistance and wearing a ring of ice (moderately wounded)
The floor, spattered with blood.
Okay, then.
Okay, then.
Casting: Airstrike (dangerous; 7% risk of failure)
Confirm with . or Enter, or press ? or * to list all spells.
Casting: Anguish (mildly dangerous; 1% risk of failure)
Press: ? - help, Dir - look around, f - activate The reaper resists with almost no effort.
The reaper hits you with a +1 scythe of freezing!!
* * * LOW HITPOINT WARNING * * *
The reaper freezes you.
* * * LOW HITPOINT WARNING * * *
You feel much better. The reaper closely misses you.
Found a box of beasts and a golden ring.
The reaper hits you from afar with a +1 scythe of freezing!!!
Ouch! That really hurt!
You die...

##........§###
###.#
##.§......☼○☼###
###
#§§°°.....##§§..#
#..§#§.####..##....
...§☼§.#........#
...#§.##......###
.....##...2..## #
.........#.....Z. #
....###@.#..###.. #
.#.....#.... #
#.....#..... #
###......##.# ##
###..... ## #.
###.## #. .. ## }=#
#


You could see a reaper.

Vanquished Creatures
  A hydra (Lair:2)
  A catoblepas (Lair:2)
  An ugly thing (IceCv)
  The ghost of cforsyth the Charlatan, a novice GnAr of Hepliaklqana (D:5)
  3 elephants (Lair:2)
  Joseph (D:9)
  2 ice statues (IceCv)
  8 cane toads
  A torpor snail (Lair:1)
  Psyche (D:8)
  2 komodo dragons
  Maggie (D:8)
  A rime drake (Lair:1)
  2 ice devils (IceCv)
  An anaconda simulacrum (IceCv)
  A polar bear (Lair:1)
  2 dream sheep (Lair:1)
  11 blink frogs (Lair:1)
  A shadow (D:9)
  Sigmund (D:5)
  29 yaks
  A wyvern (Lair:2)
  Eustachio (D:5)
  2 vampire mosquitoes (Lair:2)
  2 steam dragons
  Menkaure (D:4)
  An acid dragon (D:9)
  8 water moccasins
  The ghost of pascalblue the Magician, an amateur DEFE of Vehumet (D:4)
  3 black bears
  An ice beast (D:7)
  3 orc warriors
  An ogre (D:7)
  3 sky beasts
  The ghost of HotCheetoh the Trooper, an amateur DsFi (D:3)
  2 centaurs
  A kobold brigand (D:8)
  10 bullfrogs
  2 gnoll sergeants
  2 scorpions
  2 cane toad simulacra (IceCv)
  A two-headed ogre simulacrum (IceCv)
  6 wights
  An elephant simulacrum (IceCv)
  18 killer bees (D:9)
  2 howler monkeys (D:7)
  An electric eel (Lair:2)
  2 jellies
  4 hounds
  5 orc priests
  5 iguanas
  2 gnoll boudas
  Terence (D:2)
  4 sleepcaps
  8 orc wizards
  4 troll simulacra (IceCv)
  A wolf simulacrum (IceCv)
  16 adders
  16 gnolls
  A naga simulacrum (IceCv)
  6 white imps
  3 ufetubi
  2 worms
  6 dart slugs (D:4)
  30 orcs
  9 ball pythons
  6 endoplasms
  5 giant cockroaches
  5 goblins
  8 hobgoblins
  4 quokkas
  4 bats
  A frilled lizard (D:1)
  15 kobolds
  2 rats
324 creatures vanquished.

Vanquished Creatures (collateral kills)
  A gnoll (D:9)
  2 white imps (IceCv)
  A ball python (D:2)
  A goblin (D:2)
  A hobgoblin (D:3)
6 creatures vanquished.

Vanquished Creatures (others)
  A two-headed ogre (D:8)
  An elephant (Lair:2)
  A black mamba (Lair:1)
  A komodo dragon (Lair:2)
  An ice devil (IceCv)
  A troll (D:9)
  A yak (Lair:2)
  An orc warrior (D:7)
  A kobold brigand (D:3)
  2 wights
  A kobold (D:3)
12 creatures vanquished.

Grand Total: 342 creatures vanquished

Notes
Turn   | Place    | Note
-------+----------+-------------------------------------------
     0 | D:1      | bobarctor the Demonspawn Necromancer began the quest for
                  | the Orb.
     0 | D:1      | Reached XP level 1. HP: 13/13 MP: 3/3
   414 | D:1      | Discovered your monstrous ancestry.
   414 | D:1      | Gained mutation: You have a small tail. [demonic ancestry]
   414 | D:1      | Reached XP level 2. HP: 17/19 MP: 5/5
  1006 | D:2      | Reached skill level 5 in Necromancy
  1122 | D:2      | Gained mutation: You have large cloven feet. [demonic
                  | ancestry]
  1122 | D:2      | Reached XP level 3. HP: 24/24 MP: 2/6
  1200 | D:2      | Learned a level 3 spell: Vampiric Draining
  1218 | D:2      | Noticed Terence
  1353 | D:2      | Killed Terence
  1354 | D:2      | Reached skill level 3 in Spellcasting
  1448 | D:2      | Found Tetae's Book Shop.
  1455 | D:2      | Gained mutation: You regenerate a little health from kills.
                  | [demonic ancestry]
  1455 | D:2      | Reached XP level 4. HP: 30/30 MP: 4/8
  2049 | D:3      | Found a runed translucent gate.
  2049 | D:3      | Found a runed translucent gate.
  2049 | D:3      | Noticed a kobold brigand
  2049 | D:3      | Noticed HotCheetoh's ghost (amateur DsFi)
  2050 | D:3      | Found a runed translucent gate.
  2286 | D:3      | Reached XP level 5. HP: 35/35 MP: 7/10
  2294 | D:3      | Reached skill level 4 in Spellcasting
  2365 | D:3      | Found a faded altar of an unknown god.
  2404 | D:3      | Learned a level 5 spell: Agony
  2617 | D:3      | Found a hazy altar of Hepliaklqana.
  3051 | D:4      | Found Uteephimn's Antique Weapon Shop.
  3184 | D:4      | Found the +0 toga "Victory" {*Victory Clar}
  3686 | D:4      | Found a runed translucent door.
  3702 | D:4      | Noticed Menkaure
  3955 | D:4      | Gained mutation: Your touch may inflict minor irresistible
                  | damage on your foes. [demonic ancestry]
  3955 | D:4      | Reached XP level 6. HP: 39/41 MP: 6/13
  4079 | D:4      | Found a bloodstained altar of Trog.
  4166 | D:4      | Noticed pascalblue's ghost (amateur DEFE)
  4192 | D:5      | Entered Level 5 of the Dungeon
  4200 | D:5      | Reached skill level 5 in Spellcasting
  4274 | D:5      | Identified the +1 pair of boots of Afauq {rN+ Regen+ Str-5}
  4561 | D:5      | Noticed Sigmund
  4561 | D:5      | Noticed Eustachio
  4590 | D:6      | Noticed an orc warrior
  4597 | D:6      | Killed an orc warrior
  4598 | D:6      | Gained mutation: Your touch may inflict irresistible damage
                  | on your foes. [demonic ancestry]
  4598 | D:6      | Reached XP level 7. HP: 39/46 MP: 4/15
  4730 | D:6      | Reached skill level 6 in Spellcasting
  4983 | D:6      | Learned a level 3 spell: Ignite Poison
  5061 | D:6      | Reached skill level 1 in Poison Magic
  5197 | D:5      | Found a runed translucent gate.
  5198 | D:5      | Found a runed translucent gate.
  5198 | D:5      | Found a runed translucent gate.
  5199 | D:5      | Found an opulent altar of Gozag.
  5199 | D:5      | Noticed a yak
  5199 | D:5      | Noticed a yak
  5199 | D:5      | Noticed cforsyth's ghost (novice GnAr)
  5246 | D:5      | Gained mutation: You have hoof-like feet. [demonic
                  | ancestry]
  5246 | D:5      | Reached XP level 8. HP: 44/52 MP: 8/18
  5320 | D:5      | Learned a level 2 spell: Ensorcelled Hibernation
  5325 | D:5      | Learned a level 4 spell: Anguish
  5362 | D:5      | Found Wofoschu's Antique Armour Boutique.
  5400 | D:5      | Killed Eustachio
  5401 | D:5      | Reached skill level 7 in Spellcasting
  5467 | D:5      | Bought a glowing helmet for 195 gold pieces
  5583 | D:5      | Killed Sigmund
  5772 | D:6      | Reached skill level 8 in Spellcasting
  5902 | D:6      | You fall into a shaft and drop 3 floors!
  6009 | D:9      | Found Puciovym's Antique Armour Shop.
  6010 | D:9      | Noticed Joseph
  6026 | D:9      | Killed Joseph
  6027 | D:9      | Gained mutation: You have a tail ending in a sharp stinger.
                  | [demonic ancestry]
  6027 | D:9      | Reached XP level 9. HP: 57/57 MP: 7/21
  6033 | D:9      | Reached skill level 1 in Long Blades
  6148 | D:9      | Found Qacitacrenn's Armour Shoppe.
  6150 | D:9      | Found Afuoziab's Armour Boutique.
  6174 | D:9      | Bought an embroidered cloak for 127 gold pieces
  6209 | D:9      | Noticed a troll
  6276 | D:9      | Killed a troll
  6313 | D:9      | Reached skill level 9 in Spellcasting
  6374 | D:9      | Reached skill level 1 in Hexes
  6417 | D:9      | Reached skill level 1 in Fighting
  6486 | D:9      | Gained mutation: You have a sharp stinger which inflicts
                  | weakening toxins. [demonic ancestry]
  6486 | D:9      | Reached XP level 10. HP: 58/67 MP: 10/23
  6729 | D:9      | Found Piupiorch's Weapon Boutique.
  6809 | D:9      | Reached skill level 5 in Poison Magic
  6826 | D:9      | Learned a level 4 spell: Cause Fear
  7092 | D:8      | Found an ancient bone altar of Kikubaaqudgha.
  7092 | D:8      | Found a basalt altar of Yredelemnul.
  7092 | D:8      | Found a blossoming altar of Fedhas.
  7093 | D:8      | Found a shimmering blue altar of Sif Muna.
  7175 | D:8      | Became a worshipper of Sif Muna the Loreminder
  7385 | D:8      | Reached skill level 10 in Spellcasting
  7437 | D:8      | Found a sacrificial altar of Ru.
  7572 | D:8      | Found a staircase to the Lair.
  7753 | D:8      | Reached * piety under Sif Muna
  7935 | D:8      | Noticed a two-headed ogre
  7942 | D:8      | Killed a two-headed ogre
  8176 | D:8      | Noticed Maggie
  8189 | D:8      | Killed Maggie
  8190 | D:8      | Noticed Psyche
  8195 | D:8      | Killed Psyche
  8313 | D:7      | Found a staircase to the Ecumenical Temple.
  8324 | Temple   | Entered the Ecumenical Temple
  8454 | D:7      | Gained mutation: Your touch may irresistibly damage your
                  | foes and sap their willpower. [demonic ancestry]
  8454 | D:7      | Reached XP level 11. HP: 62/74 MP: 1/25
  8693 | D:7      | Reached ** piety under Sif Muna
  9078 | D:6      | Found a radiant altar of Vehumet.
  9478 | D:4      | Found a snail-covered altar of Cheibriados.
  9496 | D:4      | Found an opulent altar of Gozag.
  9536 | D:4      | Killed Menkaure
  9765 | D:3      | Killed HotCheetoh's ghost
  9898 | D:4      | Killed pascalblue's ghost
  9966 | D:5      | Killed cforsyth's ghost
  9967 | D:5      | Reached skill level 5 in Long Blades
 10112 | D:2      | Bought a book of Air for 308 gold pieces
 10116 | D:2      | Learned a level 3 spell: Swiftness
 10121 | D:2      | Learned a level 4 spell: Airstrike
 10525 | D:7      | Reached skill level 10 in Necromancy
 10861 | Temple   | Gained mutation: Your movements are slightly less
                  | encumbered by armour. (ER -2) [potion of mutation]
 10861 | Temple   | Gained mutation: You are somewhat resistant to further
                  | mutation. [potion of mutation]
 10895 | Lair:1   | Entered Level 1 of the Lair of Beasts
 10927 | Lair:1   | Reached skill level 1 in Ice Magic
 11066 | Lair:1   | Reached *** piety under Sif Muna
 11067 | Lair:1   | Reached skill level 11 in Spellcasting
 11067 | Lair:1   | Reached skill level 1 in Air Magic
 11326 | Lair:1   | Reached skill level 5 in Hexes
 11452 | Lair:1   | Reached XP level 12. HP: 61/81 MP: 11/27
 12289 | Lair:2   | Reached skill level 5 in Dodging
 12396 | Lair:2   | Noticed a catoblepas
 12486 | Lair:2   | Killed a catoblepas
 12676 | Lair:2   | Noticed a four-headed hydra
 12686 | Lair:2   | Killed a four-headed hydra
 12824 | Lair:2   | Found a staircase to the Swamp.
 12948 | Lair:2   | Reached skill level 12 in Spellcasting
 12953 | Lair:2   | Reached skill level 1 in Invocations
 13099 | Lair:2   | Identified the +2 robe "Ipnadug" {rElec Will+ Regen+
                  | Slay-3}
 13117 | Lair:2   | Reached **** piety under Sif Muna
 13580 | Lair:1   | Learned a level 5 spell: Freezing Cloud
 13709 | Lair:3   | Found a frozen archway.
 13713 | IceCv    | Entered an ice cave
 14475 | IceCv    | Reached skill level 1 in Conjurations
 15005 | IceCv    | Noticed a reaper
 15017 | IceCv    | Mangled by a reaper

Illustrated notes

Levels and vault maps discovered:
D:1:      giann_forest_graveyard, layout_basic, serial_forest,
          infiniplex_forest_end_3, infiniplex_forest_lined_room_2,
          infiniplex_forest_clump_long, infiniplex_forest_end_3,
          infiniplex_forest_corner_2, infiniplex_forest_clump_large,
          infiniplex_forest_clump_small, infiniplex_forest_lined_corner
D:2:      minmay_evil_eye, layout_basic, serial_shops, shop, uniq_terence
D:3:      layout_loops_ring, nzn_hepliaklqana_mist_gate, serial_aquarium,
          aquarium_bridge_island_large [aquarium_subvault_large_4_pools,
          aquarium_subvault_wall, aquarium_subvault_wall,
          aquarium_subvault_window, aquarium_subvault_bridge],
          aquarium_window_fake, aquarium_window_fake, aquarium_view_2e,
          gammafunk_ghost_nasty_kobolds, hellmonk_ecumenical_altar_blasted
D:4:      kennysheep_slugbush, layout_basic, nicolae_overflow_squiral,
          mainiacjoe_overflow_24_doors, serial_shops, shop,
          ebering_ghost_sewer_d, dk_rats_in_the_wall, uniq_menkaure
D:5:      layout_rooms, ebering_ghost_gozag, serial_shops,
          nicolae_shop_tiny_waterfront, uniq_sigmund, uniq_eustachio
D:6:      layout_gridville, nicolae_vehumet_radiance, minmay_misc_feat_tower
D:7:      minmay_s_stair_smasher, layout_loops_ring,
          minmay_temple_entry_proselytizer, due_unseen_surprise
D:8:      layout_cave_pods, nicolae_ru_path_of_blood,
          grunt_temple_overflow_open, dpeg_oklobed_lair, uniq_maggie,
          uniq_psyche
D:9:      layout_irregular_city, serial_shops, nicolae_stop_n_shop_2,
          nicolae_wooded_promenade, uniq_joseph
Temple:   hellmonk_temple_flake
Lair:1:   layout_cave_pods
Lair:2:   layout_gridlike, minmay_swamp_entry_swarm, infiniplex_staircase_pool_2
Lair:3:   layout_small_grid, nicolae_spider_entry_lesser_pyramids, basic_altar,
          portal_ice_cave_entry_pillars_2, lemuel_fruit_fields,
          grunt_megastairs_2
IceCv:    ice_cave_small_demon

Skill      XL: |  1  2  3  4  5  6  7  8  9 10 11 12 |
---------------+-------------------------------------+-----
Necromancy     | 5 6 7 8 9 10 | 10.9
Spellcasting   | 3 4 5 6 8 9 10 11 12 | 12.3
Stealth        | 2 3 |  3.4
Dodging        | 2 3 4 5 |  5.3
Poison Magic   | 1 3 4 5 |  5.0
Long Blades    | 2 4 6 |  6.8
Hexes          | 1 3 5 6 |  6.3
Fighting       | 1 2 3 |  3.9
Ice Magic      | 2 4 |  4.2
Air Magic      | 2 4 |  4.1
Invocations    | 1 |  1.3
Conjurations   | 1 |  1.1

Action                     |  1- 3 |  4- 6 |  7- 9 | 10-12 || total
---------------------------+-------+-------+-------+-------++-------
  Melee: Dagger            |     4 |       |       |       ||     4
         Quarterstaff      |     5 |     8 |    22 |       ||    35
         Tailslap          |       |     2 |    18 |    77 ||    97
         Kick              |       |     1 |       |       ||     1
         Long sword        |       |       |    82 |   515 ||   597
         Touch             |       |       |    11 |    97 ||   108
         Punch             |       |       |     3 |     5 ||     8
   Cast: Necrotise         |    44 |   149 |    51 |    37 ||   281
         Vampiric Draining |     2 |     5 |    19 |    51 ||    77
         Anguish           |       |       |     4 |    33 ||    37
         Agony             |       |       |     2 |       ||     2
         Ensorcelled Hiber |       |       |     1 |     1 ||     2
         Airstrike         |       |       |       |    25 ||    25
         Cause Fear        |       |       |       |     2 ||     2
         Swiftness         |       |       |       |     1 ||     1
 Invoke: Channel Magic     |       |       |       |     2 ||     2
  Evoke: Wand              |       |       |       |     1 ||     1
    Use: Potion            |       |       |       |     6 ||     6
         Scroll            |       |       |       |    22 ||    22
   Stab: Sleeping          |       |       |     2 |     2 ||     4
 Armour: Robe              |     6 |    14 |    96 |   252 ||   368
  Dodge: Dodged            |     8 |    38 |   112 |   463 ||   621
  Block: Other             |       |       |       |     9 ||     9

Table legend: (Time is in decaauts)
 A = Elapsed time spent in this place.
 B = Non-inter-level travel time spent in this place.
 C = Inter-level travel time spent in this place.
 D = Time resting spent in this place.
 E = Time spent auto-exploring this place.
 F = Levels seen in this place.
 G = Mean time per level.
                   A        B        C        D        E       F      G
               +--------+--------+--------+--------+--------+-----+--------+
         Total |  15190 |  14304 |    886 |   2828 |   7953 |  14 | 1085.0 |
       Dungeon |  10988 |  10267 |    721 |   1544 |   6292 |   9 | 1220.9 |
        Temple |     30 |     30 |      0 |      0 |      0 |   1 |   30.0 |
          Lair |   2866 |   2701 |    165 |    416 |   1623 |   3 |  955.3 |
      Ice Cave |   1306 |   1306 |      0 |    868 |     38 |   1 | 1306.0 |
               +--------+--------+--------+--------+--------+-----+--------+

Top non-repeatable levels by time:
     D:3: 1603 daAuts
  Lair:2: 1447 daAuts
     D:4: 1400 daAuts
  Lair:1: 1396 daAuts
   IceCv: 1306 daAuts
     D:8: 1257 daAuts
     D:9: 1236 daAuts
     D:5: 1164 daAuts
     D:7: 1157 daAuts
     D:6: 1139 daAuts
     D:1: 1078 daAuts
     D:2: 951 daAuts
  Temple: 30 daAuts
  Lair:3: 22 daAuts
